 Dungeon Sprint DCSS version 0.23.2-30-g0e89c35649 (webtiles) character file.

Game seed: 636837734028275543

0 mahrnol the Skirmisher (level 1, -3/20 HPs)
             Began as a Minotaur Fighter on June 12, 2019.
             Was an Initiate of Ru.
             Killed from afar by Sigmund (9 damage)
             ... with a magic dart
             ... in the Dungeon (Sprint VI: "Thunderdome").
             The game lasted 00:02:35 (95 turns).

mahrnol the Skirmisher (Minotaur Fighter)             Turns: 95, Time: 00:02:36

Health: -3/20      AC:  7    Str: 20    XL:     1   Next: 16%
Magic:  0/0        EV:  7    Int:  5    God:    Ru [......]
Gold:   200        SH:  0    Dex:  9    Spells: 0/0 levels left

rFire    . . .     SeeInvis .   a - +0 flail
rCold    . . .     Gourm    .   c - +0 shield
rNeg     . . .     Faith    .   b - +0 scale mail
rPois    .         Spirit   .   (helmet restricted)
rElec    .         Reflect  .   (no cloak)
rCorr    .         Harm     .   (no gloves)
MR       .....     NoTele   +   (no boots)
Stlth    ..........             (no amulet)
HPRegen  0.06/turn              (no ring)
MPRegen  0.07/turn              (no ring)

@: confused
A: retaliatory headbutt, horns 2
a: Renounce Religion


You were in the Dungeon.
You worshipped Ru.
Ru was noncommittal.
You were not hungry.

You visited 1 branch You collected 200 gold pieces.

Inventory:

Hand Weapons
 a - a +0 flail (weapon)
Armour
 b - a +0 scale mail (worn)
 c - a +0 shield (worn)
Wands
 l - a wand of acid (5)
 m - a wand of iceblast (5)
Scrolls
 k - 4 scrolls of blinking
 n - 3 scrolls of fog
Potions
 d - a potion of might
 e - a potion of curing
 g - 4 potions of heal wounds
 h - 4 potions of haste
 i - 2 potions of magic
 j - a potion of berserk rage
 o - a potion of resistance
Comestibles
 f - a ration


   Skills:
 + Level 3.9 Fighting
 + Level 2.5 Maces & Flails
 + Level 3.9 Armour
 + Level 3.9 Shields


You couldn't memorise any spells.
You didn't know any spells.
Your spell library was empty.

Dungeon Overview and Level Annotations

Branches:
Dungeon (1/1)

Altars:
Cheibriados
Dithmenos
Fedhas
Gozag
Makhleb
Ru
Trog
Wu Jian
Xom
Yredelemnul
Zin
The Shining One
Beogh
Jiyva
Lugonu

Shops:
D *[%??:(!!!!

Annotations:
D Sigmund


Innate Abilities, Weirdness & Mutations

You reflexively headbutt those who attack you in melee.
You have a pair of horns on your head.


Message History

Sigmund hits you with a +0 scythe.
* * * LOW HITPOINT WARNING * * *
You sock Sigmund! You headbutt Sigmund, but do no damage.
Sigmund is almost dead.
Sigmund barely misses you.
You hit Sigmund but do no damage.
Sigmund is almost dead.
Sigmund points at you and mumbles some strange words.
You are confused.
You bump into the stone wall.
Sigmund mumbles some strange words.
Sigmund flickers and vanishes!
Deactivating autopickup; reactivate with Ctrl-A.
You miss something. Your headbutt misses something.
Something hits you but does no damage.
You closely miss something.
You hear some strange, mumbled words.
A magic dart appears from out of thin air!
The magic dart hits you!
You die...

##∩.....∩## #∩..(....∩#
#_......._# #_....(.._#
#_......._#
###.........###
#⌠...........⌠#
######.8.........8.###
#∩___@.....###......__
#∩...{....8.# #.8......
.............###........
..........###...###.....
..........# #.<.# #.....
..........# #...###.....
.............###........
##∩........8. #.8......
..... #......__


There were no monsters in sight!

Vanquished Creatures
  2 kobolds (D)
2 creatures vanquished.

Notes
Turn   | Place    | Note
-------+----------+-------------------------------------------
     0 | D        | mahrnol the Minotaur Fighter began the quest for the Orb.
     0 | D        | Reached XP level 1. HP: 19/19 MP: 0/0
     1 | D        | Found a viscous altar of Jiyva.
     1 | D        | Found a roughly hewn altar of Beogh.
     2 | D        | Found a bloodstained altar of Trog.
     2 | D        | Found a shimmering altar of Xom.
     3 | D        | Found a snail-covered altar of Cheibriados.
     3 | D        | Found a glowing golden altar of the Shining One.
     4 | D        | Found a blossoming altar of Fedhas.
     4 | D        | Found an ornate altar of the Wu Jian Council.
     4 | D        | Found Arghikk's Staff Store.
     4 | D        | Found Ereunett's Magic Scroll Shop.
     5 | D        | Found Qytroaro's Must-Have Magic.
     5 | D        | Found Mieniuph's Magic Scroll Shop.
     5 | D        | Round 1.
    18 | D        | Found a corrupted altar of Lugonu.
    19 | D        | Found a basalt altar of Yredelemnul.
    25 | D        | Found Ecixt's Distillery.
    25 | D        | Found a shadowy altar of Dithmenos.
    25 | D        | Found a burning altar of Makhleb.
    25 | D        | Found a sacrificial altar of Ru.
    25 | D        | Found Jodolife's Do-It-Yourself Clinic.
    26 | D        | Found Izituo's Distillery.
    26 | D        | Found Iseuraax's Bottled Wisdom.
    30 | D        | Found an opulent altar of Gozag.
    34 | D        | Became a worshipper of Ru the Awakened
    67 | D        | Noticed Sigmund
    79 | D        | Found a glowing silver altar of Zin.
    79 | D        | Found Ytruax Jyda's Delicious Food.
    79 | D        | Found Byixt's Jewellery.
    80 | D        | Found Javeusoc's Advanced Armour.
    95 | D        | Killed from afar by Sigmund

Action                   || total
-------------------------++-------
Melee: Flail             ||    16
       Headbutt          ||     4
Armor: Scale mail        ||     5
Dodge: Dodged            ||     3
Block: Shield            ||     5
